 Seeded DCSS version 0.31-a0-544-gceb718ecc6 (webtiles) character file.

Game seed: 3826825538972431165 (custom seed)

95 innerfire43 the Insei (level 4, 0/34 HPs)
             Began as a Gnoll Shapeshifter on Aug 15, 2023.
             Slain by a goblin
             ... wielding a +0 club
             ... led by Robin
              (2 damage)
             ... on level 2 of the Dungeon.
             The game lasted 00:01:27 (1025 turns).

innerfire43 the Insei (Gnoll Shapeshifter)          Turns: 1025, Time: 00:01:28

Health: 0/34       AC:  2    Str: 18    XL:     4   Next: 65%
Magic:  5/5        EV: 14    Int:  7    God:
Gold:   173        SH:  0    Dex: 15    Spells: 5/5 levels left

rFire   . .          .
                       - Unarmed
rCold   . . .        (shield currently unavailable)
rNeg    . . .        a - +0 animal skin
rPois   .            (no helmet)
rElec   .            (no cloak)
rCorr   .            (no gloves)
SInv    +            (no boots)
Will    .....        (no amulet)
Stlth   +            e - ring "Yffulyg" {Will- Str+4 Slay+3 SInv}
HPRegen 0.25/turn    (no ring)
MPRegen 0.09/turn

%: no passive effects
@: flux-form, glowing
A: glow, contaminating, fangs 1, strong nose, distributed training
a: Begin Untransformation


You were on level 2 of the Dungeon.
You were something dangerously unstable.
You visited 1 branch of the dungeon, and saw 2 of its levels.

You collected 173 gold pieces.

Inventory:

Armour
 a - a +0 animal skin (worn)
Jewellery
 e - the ring "Yffulyg" (left hand) {Will- Str+4 Slay+3 SInv}
   (You acquired it on level 1 of the Dungeon)

   [ring of see invisible]

   Str+4:     It affects your strength (+4).
   Slay+3:    It affects your accuracy & damage with ranged weapons and melee
   (+3).
   Will-:     It decreases your willpower.
   SInv:      It lets you see invisible.
 p - a ring of protection from cold
Talismans
 c - a beast talisman
 d - a flux talisman (active)
Scrolls
 f - 2 scrolls of vulnerability {unknown}
 g - a scroll of brand weapon {unknown}
 i - 2 scrolls of noise {unknown}
 j - a scroll of identify {unknown}
 k - a scroll of amnesia {unknown}
 n - a scroll of torment {unknown}
Potions
 b - a potion of lignification
 h - 2 potions of mutation {unknown}
 l - a potion of enlightenment {unknown}
 m - a potion of cancellation {unknown}
 o - a potion of brilliance {unknown}


   Skills:
 + Level 2.8 Fighting
 + Level 1.2 Short Blades
 + Level 1.2 Long Blades
 + Level 1.2 Axes
 + Level 1.2 Maces & Flails
 + Level 1.2 Polearms
 + Level 1.2 Staves
 + Level 1.2 Ranged Weapons
 + Level 1.2 Throwing
 + Level 1.2 Armour
 + Level 4.7 Dodging
 + Level 1.2 Stealth
 + Level 1.2 Shields
 + Level 6.6 Unarmed Combat
 + Level 1.2 Spellcasting
 + Level 1.0 Conjurations
 + Level 1.0 Hexes
 + Level 1.0 Summonings
 + Level 1.0 Necromancy
 + Level 1.0 Translocations
 + Level 1.0 Transmutations
 + Level 1.0 Fire Magic
 + Level 1.0 Ice Magic
 + Level 1.0 Air Magic
 + Level 1.0 Earth Magic
 + Level 1.0 Poison Magic
 + Level 1.3 Invocations
 + Level 1.2 Evocations
 + Level 6.5 Shapeshifting


You had 5 spell levels left.
You didn't know any spells.
Your spell library was empty.

Dungeon Overview and Level Annotations

Branches:
Dungeon (2/15)

Altars:

Annotations:
D:2 Robin


Innate Abilities, Weirdness & Mutations

You are something dangerously unstable.
You glow with magical radiation, making you easy to see and hit.
Foes you strike become dangerously contaminated with magical radiation.
You are incapable of wielding weapons or throwing items.
You have very sharp teeth.
Your uncanny sense of smell can sniff out nearby items.
Your experience applies equally to all skills.


Message History

Things that are here:
a +0 club; a +0 club; a goblin corpse You punch the goblin!
You kill the goblin!
You barely miss the hobgoblin. The hobgoblin misses you.
You hit the hobgoblin.
The hobgoblin begins to glow.
The hobgoblin is lightly wounded.
The hobgoblin barely misses you.
You hit the hobgoblin.
The hobgoblin glows dangerously bright.
The hobgoblin is almost dead.
The hobgoblin hits you.
* * * LOW HITPOINT WARNING * * *
You hit the hobgoblin.
You kill the hobgoblin!
You hit the hobgoblin.
The hobgoblin begins to glow.
The hobgoblin is almost dead.
Unknown command.
You barely miss the hobgoblin. You bite the hobgoblin.
You kill the hobgoblin!
The goblin no longer looks unusually strong.
Robin throws the goblin at you!
* * * LOW HITPOINT WARNING * * *
The goblin hits you but does no damage.
You punch the hobgoblin!
You kill the hobgoblin!
The goblin closely misses you.
Unknown command.
You closely miss the hobgoblin.
The hobgoblin hits you but does no damage.
The goblin hits you with a +0 club.
* * * LOW HITPOINT WARNING * * *
You hit the hobgoblin.
The hobgoblin begins to glow.
The hobgoblin is almost dead.
The hobgoblin barely misses you. The goblin hits you with a +0 club.
* * * LOW HITPOINT WARNING * * *
Unknown command.
You hit the hobgoblin.
You kill the hobgoblin!
The goblin hits you with a +0 club.
You die...

#..........#.........#
#..........#.........# #
####..........#.........# ?.
#.............#.........### ...
#.............########....#
....###.............###########..
..$.................##.....# #..
)..<...........#######.....#####.
......).g..###.gBg.........'....>
#.....###### ######........######
#...g #........# #.g. #.....####
#.. #.....# #. #...†.# # #.....#
#.....# #.....#


You could see Robin and a goblin.

Vanquished Creatures
  Jessica (D:2)
  2 adders (D:2)
  A dart slug (D:1)
  4 bats
  5 endoplasms
  3 giant cockroaches (D:1)
  10 goblins
  5 hobgoblins
  2 jackals (D:2)
  2 kobolds (D:1)
  A quokka (D:2)
  2 ball pythons (D:1)
  A frilled lizard (D:1)
  3 rats (D:1)
42 creatures vanquished.

Notes
Turn   | Place    | Note
-------+----------+-------------------------------------------
     0 | D:1      | innerfire43 the Gnoll Shapeshifter began the quest for the
                  | Orb.
     0 | D:1      | Reached XP level 1. HP: 17/17 MP: 1/1
    60 | D:1      | Identified a scroll of acquirement
    60 | D:1      | Acquired the ring "Yffulyg" {Will- Str+4 Slay+3 SInv}
   201 | D:1      | Reached XP level 2. HP: 14/23 MP: 2/2
   435 | D:1      | Reached XP level 3. HP: 24/28 MP: 3/3
   727 | D:2      | Noticed Jessica
   730 | D:2      | Killed Jessica
   731 | D:2      | Reached skill level 1 in Short Blades
   731 | D:2      | Reached skill level 1 in Long Blades
   731 | D:2      | Reached skill level 1 in Axes
   731 | D:2      | Reached skill level 1 in Maces & Flails
   731 | D:2      | Reached skill level 1 in Polearms
   731 | D:2      | Reached skill level 1 in Staves
   731 | D:2      | Reached skill level 1 in Ranged Weapons
   731 | D:2      | Reached skill level 1 in Throwing
   731 | D:2      | Reached skill level 1 in Armour
   731 | D:2      | Reached skill level 1 in Stealth
   731 | D:2      | Reached skill level 1 in Shields
   731 | D:2      | Reached skill level 1 in Spellcasting
   731 | D:2      | Reached skill level 1 in Invocations
   731 | D:2      | Reached skill level 1 in Evocations
   818 | D:2      | Reached XP level 4. HP: 34/34 MP: 5/5
   999 | D:2      | Noticed Robin
  1000 | D:2      | Reached skill level 1 in Conjurations
  1000 | D:2      | Reached skill level 1 in Hexes
  1000 | D:2      | Reached skill level 1 in Summonings
  1000 | D:2      | Reached skill level 1 in Necromancy
  1000 | D:2      | Reached skill level 1 in Translocations
  1000 | D:2      | Reached skill level 1 in Transmutations
  1000 | D:2      | Reached skill level 1 in Fire Magic
  1000 | D:2      | Reached skill level 1 in Ice Magic
  1000 | D:2      | Reached skill level 1 in Air Magic
  1000 | D:2      | Reached skill level 1 in Earth Magic
  1000 | D:2      | Reached skill level 1 in Poison Magic
  1025 | D:2      | Slain by a goblin

Illustrated notes

Levels and vault maps discovered:
D:1:      roderic_crop_circles_arrival_large, layout_basic
D:2:      layout_basic, minmay_distorted, uniq_robin, uniq_jessica

Skill      XL: |  1  2  3  4 |
---------------+-------------+-----
Short Blades   | 1 |  1.2
Long Blades    | 1 |  1.2
Axes           | 1 |  1.2
Maces & Flails | 1 |  1.2
Polearms       | 1 |  1.2
Staves         | 1 |  1.2
Ranged Weapons | 1 |  1.2
Throwing       | 1 |  1.2
Armour         | 1 |  1.2
Stealth        | 1 |  1.2
Shields        | 1 |  1.2
Spellcasting   | 1 |  1.2
Invocations    | 1 |  1.3
Evocations     | 1 |  1.2
Conjurations   | 1 |  1.0
Hexes          | 1 |  1.0
Summonings     | 1 |  1.0
Necromancy     | 1 |  1.0
Translocations | 1 |  1.0
Transmutations | 1 |  1.0
Fire Magic     | 1 |  1.0
Ice Magic      | 1 |  1.0
Air Magic      | 1 |  1.0
Earth Magic    | 1 |  1.0
Poison Magic   | 1 |  1.0
Fighting       | |  2.8
Dodging        | |  4.7
Unarmed Combat | |  6.6
Shapeshifting  | |  6.5

Action                     |  1- 3 |  4- 6 || total
---------------------------+-------+-------++-------
  Melee: Unarmed           |    58 |    41 ||    99
         Bite              |     9 |     5 ||    14
    Use: Scroll            |     1 |       ||     1
 Armour: Animal skin       |     7 |    14 ||    21
  Dodge: Dodged            |    32 |    33 ||    65
   Form: Flux              |     1 |       ||     1

Table legend: (Time is in decaauts)
 A = Elapsed time spent in this place.
 B = Non-inter-level travel time spent in this place.
 C = Inter-level travel time spent in this place.
 D = Time resting spent in this place.
 E = Time spent auto-exploring this place.
 F = Levels seen in this place.
 G = Mean time per level.
                   A        B        C        D        E       F      G
               +--------+--------+--------+--------+--------+-----+--------+
         Total |   1011 |    998 |     13 |      0 |    777 |   2 |  505.5 |
       Dungeon |   1011 |    998 |     13 |      0 |    777 |   2 |  505.5 |
               +--------+--------+--------+--------+--------+-----+--------+

Top non-repeatable levels by time:
     D:1: 720 daAuts
     D:2: 291 daAuts
